 Dungeon Crawl Stone Soup version 0.21.1-1-g345015fe64 (webtiles) character file.

1232 Gargoyl the Chopper (level 8, -4/67 HPs)
             Began as a Centaur Abyssal Knight on June 26, 2018.
             Was a Believer of Lugonu.
             Slain by a worm (5 damage)
             ... on level 4 of the Dungeon.
             The game lasted 00:06:15 (3940 turns).

Gargoyl the Chopper (Centaur Abyssal Knight)        Turns: 3940, Time: 00:06:15

Health: -4/67      AC: 10    Str: 16    XL:     8   Next: 24%
Magic:  11/11      EV:  9    Int: 11    God:    Lugonu [**....]
Gold:   212        SH:  0    Dex: 10    Spells: 7/7 levels left

rFire    . . .     SeeInvis .   a - +1 hand axe
rCold    . . .     Gourm    .   (no shield)
rNeg     . . .     Faith    .   g - +0 ring mail
rPois    .         Spirit   .   d - +0 helmet
rElec    .         Reflect  .   i - +0 cloak
rCorr    .         Harm     .   l - +0 pair of gloves
MR       .....                  (no barding)
Stlth    ..........             (no amulet)
HPRegen  0.21/turn              (no ring)
MPRegen  0.12/turn              (no ring)

@: very quick
A: large, hooves 3, deformed body, speed 2, tough skin 3
a: Depart the Abyss, Bend Space, Renounce Religion


You were on level 4 of the Dungeon.
You worshipped Lugonu.
Lugonu was pleased with you.
You were not hungry.

You visited 1 branch of the dungeon, and saw 5 of its levels.
You visited the Abyss 1 time.
You also visited: Sewer.

You collected 212 gold pieces.

Inventory:

Hand Weapons
 a - a +1 hand axe (weapon)
Missiles
 k - 4 javelins (quivered)
Armour
 d - a +0 helmet (worn)
 g - a +0 ring mail (worn)
 i - a +0 cloak (worn)
 l - a +0 pair of gloves (worn)
Scrolls
 b - 5 scrolls of teleportation
 f - 4 scrolls of identify
 j - 3 scrolls of remove curse
 n - 2 scrolls of blinking {unknown}
 o - a scroll of enchant weapon {unknown}
Potions
 e - 2 potions of haste {unknown}
 h - 2 potions of heal wounds {unknown}
Comestibles
 c - 6 rations


   Skills:
 + Level 4.6 Fighting
 + Level 5.3 Axes
 * Level 4.3 Armour
 + Level 2.1 Dodging
 * Level 4.7 Invocations


You had 7 spell levels left.
You didn't know any spells.

Dungeon Overview and Level Annotations

Branches:
Dungeon (5/15)
 Temple: D:4-7

Altars:


Innate Abilities, Weirdness & Mutations

You have hooves in place of feet.
Armour fits poorly on your strangely shaped body.
You cover ground very quickly.
You have extremely tough skin. (AC +3)


Message History

Things that are here:
a giant club; an ogre corpse You slash the worm!
The worm is heavily wounded.
Unknown command.
Unknown command.
You hit the worm but do no damage. You kick the worm, but do no damage.
The worm is heavily wounded.
The worm bites you.
* * * LOW HITPOINT WARNING * * *
You hit the worm. Your kick misses the worm.
The worm is heavily wounded.
The worm closely misses you.
You hit the worm.
The worm is heavily wounded.
Unknown command.
You hit the worm but do no damage. You kick the worm.
The worm is severely wounded.
The worm bites you.
You die...

**,,,,.......,,,,,.............
**,,,,,.......*****.[...........
**,,,,,,.......## *###.........#
*,,,,,,,........# ##........#
****,,,,........## ##........#
**,,,.........# #........##
**,,,......†..## ##..........
**,,,,..........####...........
*,,,,,.......<@w.##...........#
*,,,,,########...............#*
****,** **#................##
*,,***#...................#
**,,**..../.............Z..##
**,,,,,......................#
***,,,,,,................$......
*,,,,*,,,.......................
**,***,,,,......................


You could see a worm.

Vanquished Creatures
  Menkaure (D:4)
  An ogre (D:4)
  11 big kobolds (Sewer)
  A howler monkey (D:4)
  A worker ant (D:4)
  4 gnolls (D:2)
  3 adders
  4 river rats
  7 oozes
  4 worms
  2 dart slugs
  2 leopard geckos
  6 bats
  3 giant cockroaches (D:2)
  A goblin (D:3)
  2 hobgoblins
  8 jackals
  9 kobolds
  2 quokkas
  6 ball pythons
  3 frilled lizards
  A leopard gecko skeleton (D:4)
  4 rats
86 creatures vanquished.

Notes
Turn   | Place    | Note
-------+----------+-------------------------------------------
     0 | Abyss:1  | Gargoyl the Centaur Abyssal Knight began the quest for the Orb.
     0 | Abyss:1  | Reached XP level 1. HP: 19/19 MP: 2/2
   139 | D:1      | Escaped the Abyss
   271 | D:1      | Reached skill level 2 in Axes
   271 | D:1      | Reached XP level 2. HP: 20/26 MP: 3/3
   440 | D:1      | Reached * piety under Lugonu
   996 | D:2      | Reached XP level 3. HP: 31/31 MP: 4/4
  1713 | D:2      | Reached XP level 4. HP: 30/39 MP: 5/5
  2191 | D:4      | Found a glowing drain.
  2198 | Sewer    | Entered a sewer
  2223 | Sewer    | Reached ** piety under Lugonu
  2223 | Sewer    | Reached skill level 1 in Dodging
  2241 | Sewer    | Noticed a big kobold
  2252 | Sewer    | Killed a big kobold
  2252 | Sewer    | Reached skill level 3 in Axes
  2252 | Sewer    | Reached XP level 5. HP: 41/46 MP: 7/7
  2504 | Sewer    | Reached XP level 6. HP: 49/52 MP: 8/8
  2895 | Sewer    | Reached skill level 4 in Axes
  2895 | Sewer    | Reached XP level 7. HP: 50/59 MP: 9/9
  3314 | D:4      | Noticed Menkaure
  3321 | D:5      | Entered Level 5 of the Dungeon
  3542 | D:4      | Killed Menkaure
  3542 | D:4      | Reached skill level 5 in Axes
  3542 | D:4      | Reached XP level 8. HP: 29/67 MP: 11/11
  3935 | D:4      | HP: 3/67 [worm (5)]
  3937 | D:4      | HP: 1/67 [worm (3)]
  3940 | D:4      | Slain by a worm

Skill      XL: |  1  2  3  4  5  6  7 |
---------------+----------------------+-----
Axes           | 2 3 4 5 |  5.3
Armour         | 2 3 4 |  4.3
Dodging        | 1 2 |  2.1
Invocations    | 3 4 |  4.7
Fighting       | 4 |  4.6

Action                   |  1- 3 |  4- 6 |  7- 9 || total
-------------------------+-------+-------+-------++-------
Melee: Hand axe          |    85 |   145 |   129 ||   359
       Kick              |    12 |    25 |    35 ||    72
Invok: Depart the Abyss  |     1 |       |       ||     1
  Use: Scroll            |     1 |     4 |       ||     5
  Eat: Ration            |       |     1 |     1 ||     2
       Chunk             |       |     1 |     2 ||     3
Armor: Leather armour    |    29 |       |       ||    29
       Ring mail         |    41 |   101 |    70 ||   212
Dodge: Dodged            |    57 |    79 |    62 ||   198
